 Dungeon Crawl Stone Soup version 0.29.1-1-gd02db6906a (webtiles) character file.

Game seed: 5331778951376123665

39417 mortz the Ogre Mage (level 14, 0/110 HPs)
             Began as an Ogre Conjurer on Oct 9, 2022.
             Was an Elder of Vehumet.
             Killed from afar by an ogre mage (17 damage)
             ... with a bolt of magma
             ... on level 11 of the Dungeon on Oct 10, 2022.
             The game lasted 02:37:57 (24630 turns).

mortz the Ogre Mage (Ogre Conjurer)                Turns: 24630, Time: 02:37:58

Health: 0/110      AC: 15    Str: 17    XL:     14   Next: 6%
Magic:  5/34       EV:  7    Int: 29    God:    Vehumet [****..]
Gold:   564        SH:  5    Dex: 10    Spells: 4/46 levels left

rFire   x . .      SeeInvis +   a - staff of conjuration
rCold   + + +      Faith    .   (no shield)
rNeg    . . .      Spirit   .   D - +3 ice dragon scales of the Poles {rF- rC++ Int+2 Dex+3}
rPois   .          Reflect  +   y - +0 mask of the Dragon {Will+ Slay+3 SInv}
rElec   .          Harm     .   c - +0 cloak
rCorr   +          Rampage  .   (gloves unavailable)
Will    ++...                   (boots unavailable)
Stlth   ..........              C - amulet of the Summoning Gods {Reflect rC+ SH+5}
HPRegen 0.28/turn               r - ring of Rifedom {Wiz Str+3}
MPRegen 0.24/turn               u - ring "Ninly" {rC+ rCorr Int+4}

@: no status effects
A: large, unfitting armour, tough skin 1
a: Renounce Religion


You were on level 11 of the Dungeon.
You worshipped Vehumet.
Vehumet was greatly pleased with you.
You visited 2 branches of the dungeon, and saw 16 of its levels.
You also visited: Bailey.

You collected 2164 gold pieces.
You spent 1600 gold pieces at shops.

Inventory:

Hand Weapons
 b - the +12 glaive of Prune {vorpal}
   (You found it on level 9 of the Dungeon)

   It inflicts extra damage upon your enemies.
   It halves damage taken while paralysed, petrified or unconscious.
 e - a +6 great sword of freezing
 h - a +4 eveningstar of protection
 F - the +2 trident of Shrieking Terror {vamp, rF+ rC+ Int+2}
   (You found it on level 5 of the Lair of Beasts)

   It occasionally heals its wielder for a portion of the damage dealt when it
   wounds a living foe.
   Int:       It affects your intelligence (+2).
   rF:        It protects you from fire.
   rC:        It protects you from cold.
 U - a +4 dagger
 W - a +2 giant spiked club
 X - a +3 war axe
 Y - a +5 short sword of electrocution
Missiles
 N - 2 throwing nets
Armour
 c - a +0 cloak (worn)
 t - +0 steam dragon scales
 y - the +0 mask of the Dragon (worn) {Will+ Slay+3 SInv}
   (You acquired it on level 5 of the Dungeon)

   Slay:      It affects your accuracy & damage with ranged weapons and melee
   (+3).
   SInv:      It lets you see invisible.
   Will:      It increases your willpower.
 D - the +3 ice dragon scales of the Poles (worn) {rF- rC++ Int+2 Dex+3}
   (You bought it in a shop on level 7 of the Dungeon)

   Int:       It affects your intelligence (+2).
   Dex:       It affects your dexterity (+3).
   rF:        It makes you vulnerable to fire.
   rC:        It greatly protects you from cold.
 Q - +0 acid dragon scales
Magical Staves
 a - a staff of conjuration (weapon)
Jewellery
 p - a ring of protection from cold
 r - the ring of Rifedom (left hand) {Wiz Str+3}
   (You found it on level 2 of the Dungeon)

   [ring of wizardry]

   It improves your spell success rate.
   Str:       It affects your strength (+3).
 u - the ring "Ninly" (right hand) {rC+ rCorr Int+4}
   (You acquired it on level 4 of the Dungeon)

   [ring of resist corrosion]

   Int:       It affects your intelligence (+4).
   rC:        It protects you from cold.
   rCorr:     It protects you from acid and corrosion.
 C - the amulet of the Summoning Gods (around neck) {Reflect rC+ SH+5}
   (You found it on level 1 of the Lair of Beasts)

   [amulet of reflection]

   It reflects blocked missile attacks.
   rC:        It protects you from cold.
   SH:        It affects your SH (+5).
 K - a ring of protection from cold
Wands
 f - a wand of flame (8)
 i - a wand of light (6)
 v - a wand of paralysis (16)
 x - a wand of iceblast (13)
 H - a wand of mindburst (14)
Scrolls
 g - 3 scrolls of amnesia
 k - 5 scrolls of vulnerability
 m - 2 scrolls of fear
 s - 3 scrolls of silence
 B - a scroll of torment {unknown}
 E - 4 scrolls of poison
 G - 2 scrolls of teleportation
 I - a scroll of blinking
 L - a scroll of brand weapon {unknown}
 O - a scroll of enchant weapon
 R - a scroll of immolation
 S - 4 scrolls of identify
Potions
 d - 13 potions of curing
 j - a potion of lignification
 l - 9 potions of heal wounds
 n - 5 potions of brilliance
 o - a potion of resistance
 w - 3 potions of attraction
 z - a potion of berserk rage
 A - 3 potions of cancellation
 J - a potion of ambrosia
 M - 2 potions of flight
 P - a potion of might
 T - 2 potions of haste
 V - a potion of invisibility
Miscellaneous
 q - a condenser vane


   Skills:
 + Level 1.0(1.1) Polearms
 - Level 0.2(0.7) Staves
 + Level 3.1 Armour
 - Level 1.9 Dodging
 - Level 1.4 Stealth
 + Level 1.0 Shields
 + Level 16.7 Spellcasting
 * Level 10.6 Conjurations
 - Level 4.5 Translocations
 + Level 1.0 Transmutations
 - Level 5.3 Air Magic
 * Level 9.0 Earth Magic
 * Level 6.2 Poison Magic
 + Level 0.6 Evocations


You had 4 spell levels left.
You knew the following spells:

 Your Spells              Type           Power      Damage    Failure   Level
a - Airstrike             Air            26%        2d(4-20)  1%          4
b - Searing Ray           Conj           100%       2d8       1%          2
c - Iskenderun's Mystic   Conj/Tloc      80%        2d16      1%          4
d - Freezing Cloud        Conj/Ice/Air   35%        6-21      3%          5
e - Fulminant Prism       Conj/Hex       35%        3d18      1%          4
i - Iskenderun's Battles  Conj           91%        2d14      1%          5
j - Iron Shot             Conj/Erth      44%        9d9       2%          6
m - Mephitic Cloud        Conj/Pois/Air  79%        N/A       1%          3
o - Olgreb's Toxic Radia  Pois           57%        N/A       1%          4
p - Passwall              Tmut/Erth      43%        N/A       1%          2
s - Sandblast             Erth           100%       2d20      1%          1
t - Scorch                Fire           48%        2d7       1%          2

Your spell library contained the following spells:

 Spells                   Type           Power      Damage    Failure   Level
 Eringya's Noxious Bog    Tmut/Pois      22%        N/A       26%         6
 Apportation              Tloc           100%       N/A       1%          1
 Magic Dart               Conj           100%       1d8       1%          1
 Shock                    Conj/Air       100%       1d9       1%          1
 Sting                    Tmut/Pois      100%       1d8       1%          1
 Blink                    Tloc           100%       N/A       1%          2
 Conjure Flame            Conj/Fire      70%        6-21      1%          3
 Dazzling Flash           Conj/Hex       100%       N/A       1%          3
 Gell's Gravitas          Tloc           50%        N/A       1%          3
 Ignite Poison            Fire/Tmut/Pois 38%        N/A       1%          3
 Lesser Beckoning         Tloc           50%        N/A       1%          3
 Swiftness                Air            53%        N/A       1%          3
 Teleport Other           Tloc           50%        N/A       1%          3
 Sticky Flame             Conj/Fire      70%        2d8       1%          4
 Necrotise                Necr           96%        1d8       3%          1
 Summon Small Mammal      Summ           96%        N/A       3%          1
 Call Imp                 Summ           24%        N/A       4%          2
 Ensorcelled Hibernation  Hex/Ice        48%        N/A       4%          2
 Leda's Liquefaction      Hex/Erth       25%        N/A       4%          4
 Ozocubu's Armour         Ice            24%        N/A       10%         3
 Vampiric Draining        Necr           24%        2d7       10%         3
 Lee's Rapid Deconstruct  Erth           33%        3d18*     1%          5
 Manifold Assault         Tloc           50%        N/A       14%         5
 Alistair's Intoxication  Tmut/Pois      30%        N/A       21%         5
 Statue Form              Tmut/Erth      34%        N/A       50%         6
 Spellforged Servitor     Conj/Summ      35%        N/A       54%         7
 Dispersal                Tloc           25%        N/A       56%         6
 Agony                    Necr           24%        N/A       61%         5
 Summon Mana Viper        Hex/Summ       24%        N/A       61%         5
 Ozocubu's Refrigeration  Ice            12%        4d10      99%         7
 Storm Form               Tmut/Air       21%        N/A       99%         7


Dungeon Overview and Level Annotations

Branches:
Dungeon (11/15) Zot: 26540  Temple (0/1) D:4            Lair (5/5) D:9 Zot: 22492
 Shoals (0/4) Lair:2        Snake (0/4) Lair:3          Orc (0/2) D:10
 Bailey (visited)
  Slime: Lair:4-5

Altars:
Ashenzari
Elyvilon
Fedhas
Gozag
Hepliaklqana
Okawaru
Vehumet
Jiyva

Shops:
D:5 *=(*   D:7 [[   D:8 !

Portals:
Trove: D:10 (give +5 ice dragon scales)

Annotations:
Lair:3 1 runed translucent door, exclusion: 2 oklob plants, quakins's ghost, journeyman MfIE
Lair:5 exclusion: 3 oklob plants


Innate Abilities, Weirdness & Mutations

You are too large for most types of armour.
You have tough skin. (AC +1)


Message History

Casting: Iskenderun's Mystic Blast (mildly dangerous; 1% risk of failure)
Confirm with . or Enter, or press ? or * to list all spells.
You feel a surge of power!
You erupt in a blast of force!
The mystic blast hits the yaktaur.
The yaktaur is moderately wounded.
The yaktaur is knocked back by the mystic blast.
The mystic blast hits the death knight!!
The death knight is heavily wounded.
The death knight is knocked back by the mystic blast.
The death knight slams into the metal wall!
The death knight is severely wounded.
The death knight reflects your damage back at you!
Your battlesphere fires!
The barrage of energy hits the yaktaur!!
The yaktaur is almost dead.
The death knight closely misses you.
Casting: Iskenderun's Mystic Blast (mildly dangerous; 1% risk of failure)
Confirm with . or Enter, or press ? or * to list all spells.
Aiming: Searing Ray (safe; 1% risk of failure)
Press: ? - help, Shift-Dir - straight line, f - yaktaur
Aim: a yaktaur, wielding a +0 arbalest (almost dead, poisoned, ally target, 96% to hit)
You feel a surge of power!
The searing ray hits the yaktaur!
You kill the yaktaur!
Vehumet accepts your kill.
You feel your power returning.
The searing ray hits the ogre mage.
The ogre mage is lightly wounded. (Press . to maintain the ray.)
The death knight hits you from afar with a +3 halberd!
* * * LOW HITPOINT WARNING * * *
Unknown command.
The searing ray hits the ogre mage!
The ogre mage is lightly wounded.
Your battlesphere fires!
The barrage of energy hits the death knight!
The death knight is almost dead.
The death knight reflects your damage back at you!
* * * LOW HITPOINT WARNING * * *
The ogre mage casts a spell at you. The bolt of magma hits you!
The lava burns you terribly!
You die...

.##..○....##...............#
)##..###..............######
.##.#..# #...........##
.##)###..###.........##
.^..#W# #..###........##
#...#Ql #..###.......###
#...#.. ....###.......#
#.#.#... #*$.###...#.#
..#.#$## #))@..###...###
..#.# #)..#.(#.###...# ....#
#")O##p#.##...###.# ....#
.=# #.#..###.....# .#..# #
#.##.#...###.# ##..# ..
#...### ...# ..# .# #.###
##..# ..# . ### ..^# ....#


You could see a death knight (reflects damage, ally target), an ogre mage and a
friendly battlesphere.

Vanquished Creatures
  4 hydras
  A centaur warrior (D:11)
  4 boulder beetles
  A merfolk avatar (Lair:5)
  An ogre mage (D:11)
  A two-headed ogre (D:10)
  A tengu warrior (D:10)
  Urug (Lair:4)
  2 sea snakes (Lair:5)
  A deep elf pyromancer (D:10)
  2 harpies (Lair:5)
  2 ugly things
  A manticore (Lair:2)
  6 elephants (Lair:5)
  2 black mambas
  The ghost of Godmorgon the Destroyer, a novice TeCj of Vehumet (D:5)
  2 molten gargoyles (Lair:5)
  2 unseen horrors
  A rime drake (Lair:5)
  8 cane toads
  A yaktaur (D:11)
  7 komodo dragons
  Psyche (D:8)
  2 kobold demonologists (D:9)
  A tengu conjurer (D:10)
  4 polar bears
  A meliai (D:11)
  A troll (D:11)
  7 hornets
  2 wind drakes
  16 blink frogs
  2 snapping turtles (Lair:5)
  4 wyverns
  3 wraiths
  A shadow (D:10)
  A vampire (D:10)
  3 yaks (Lair:4)
  2 basilisks
  A fire elemental (Lair:5)
  6 steam dragons
  2 acid dragons
  Menkaure (D:6)
  14 water moccasins
  3 sky beasts (D:7)
  3 black bears
  6 orc warriors
  10 wolves
  An ogre (D:5)
  A centaur (D:5)
  2 phantoms
  3 kobold brigands
  14 bullfrogs
  3 necrophages
  3 scorpions
  10 gnoll sergeants
  8 wights
  11 killer bees
  2 electric eels (Lair:5)
  3 howler monkeys
  4 hounds
  3 jellies
  8 orc priests
  7 gnoll boudas (Bailey)
  5 iguanas
  17 orc wizards
  20 gnolls
  8 adders
  A shadow imp (D:7)
  An ufetubus (D:5)
  3 worms
  5 dart slugs
  76 orcs
  2 endoplasms
  4 giant cockroaches
  8 goblins
  4 hobgoblins
  16 jackals
  5 quokkas
  7 ball pythons
  A bat (D:2)
  2 frilled lizards
  11 kobolds
  4 rats
432 creatures vanquished.

Vanquished Creatures (others)
  20 fungi
  63 plants
83 creatures vanquished.

Grand Total: 515 creatures vanquished

Notes
Turn   | Place    | Note
-------+----------+-------------------------------------------
     0 | D:1      | mortz the Ogre Conjurer began the quest for the Orb.
     0 | D:1      | Reached XP level 1. HP: 16/16 MP: 3/3
   377 | D:1      | Reached XP level 2. HP: 24/24 MP: 0/5
   380 | D:1      | Learned a level 2 spell: Searing Ray
   800 | D:1      | Found a faded altar of an unknown god.
  1244 | D:2      | Reached XP level 3. HP: 31/31 MP: 4/6
  1370 | D:2      | Learned a level 2 spell: Passwall
  2015 | D:2      | Identified the ring of Rifedom {Wiz Str+3}
  2175 | D:2      | You fall into a shaft and drop 1 floor!
  2525 | D:3      | Reached XP level 4. HP: 26/39 MP: 3/8
  2739 | D:3      | Reached skill level 3 in Spellcasting
  3061 | D:3      | Reached XP level 5. HP: 45/45 MP: 1/10
  3485 | D:3      | Reached skill level 4 in Spellcasting
  3576 | D:3      | Found a broken altar of Ashenzari.
  3634 | D:3      | Found a radiant altar of Vehumet.
  3639 | D:3      | Became a worshipper of Vehumet
  3676 | D:3      | Identified the +1 leather armour of Prudence {rElec rPois
                  | rC+}
  3741 | D:3      | Reached skill level 5 in Conjurations
  3752 | D:3      | Learned a level 4 spell: Iskenderun's Mystic Blast
  4274 | D:4      | Reached skill level 1 in Transmutations
  4316 | D:4      | Reached XP level 6. HP: 53/53 MP: 8/12
  4387 | D:4      | Found a staircase to the Ecumenical Temple.
  4445 | D:4      | Reached skill level 1 in Earth Magic
  4734 | D:4      | Found a hazy altar of Hepliaklqana.
  5110 | D:4      | Reached skill level 5 in Spellcasting
  5285 | D:4      | Identified a scroll of acquirement
  5285 | D:4      | Acquired the ring "Ninly" {rC+ rCorr Int+4}
  5319 | D:5      | Entered Level 5 of the Dungeon
  5319 | D:5      | Noticed a black bear
  5327 | D:4      | Killed a black bear
  5328 | D:4      | Reached XP level 7. HP: 20/59 MP: 6/15
  5531 | D:5      | Found Resom's Assorted Antiques.
  5535 | D:5      | Reached * piety under Vehumet
  5535 | D:5      | Offered knowledge of Sandblast by Vehumet.
  5541 | D:4      | Learned a level 1 spell: Sandblast
  5588 | D:5      | Bought a scroll of identify for 50 gold pieces
  5588 | D:5      | Bought a scroll of identify for 50 gold pieces
  5662 | D:5      | Found Lyudiuz's General Store.
  5670 | D:5      | Reached skill level 1 in Translocations
  5984 | D:5      | Found Wearip's Jewellery Emporium.
  6007 | D:5      | Reached skill level 6 in Spellcasting
  6187 | D:5      | Found Lugiun's Weapon Boutique.
  6535 | D:5      | Reached XP level 8. HP: 39/67 MP: 10/17
  6785 | D:5      | Found a transporter.
  6794 | D:5      | Found a transporter.
  6794 | D:5      | Noticed Godmorgon's ghost (novice TeCj)
  6966 | D:5      | Acquired a staff of conjuration
  6970 | D:5      | Acquired 621 gold pieces
  6972 | D:5      | Acquired the +0 mask of the Dragon {Will+ Slay+3 SInv}
  6972 | D:5      | Found the +0 mask of the Dragon {Will+ Slay+3 SInv}
  7146 | D:6      | Reached skill level 7 in Spellcasting
  7252 | D:6      | Noticed a wraith
  7257 | D:6      | Killed a wraith
  7269 | D:6      | Reached ** piety under Vehumet
  7462 | D:6      | Noticed Menkaure
  7466 | D:6      | Killed Menkaure
  7466 | D:6      | Offered knowledge of Scorch by Vehumet.
  7470 | D:6      | Learned a level 2 spell: Scorch
  8391 | D:7      | Found an opulent altar of Gozag.
  8465 | D:7      | Found Guytuone's Antique Armour Shop.
  8493 | D:7      | Reached skill level 8 in Spellcasting
  8493 | D:7      | Reached XP level 9. HP: 74/74 MP: 14/21
  8498 | D:7      | Learned a level 4 spell: Airstrike
  8704 | D:7      | Reached skill level 1 in Air Magic
  8825 | D:7      | Found a large runed translucent door.
  8825 | D:7      | Found a large runed translucent door.
  8854 | D:7      | Noticed an unseen horror
  8858 | D:7      | Killed an unseen horror
  8859 | D:7      | Reached skill level 9 in Spellcasting
  9178 | D:7      | Found a large runed translucent door.
  9178 | D:7      | Found a large runed translucent door.
  9185 | D:7      | Noticed a boulder beetle
  9271 | D:7      | Noticed a red ugly thing
  9277 | D:7      | Killed a red ugly thing
  9429 | D:7      | Reached skill level 5 in Earth Magic
  9429 | D:7      | Reached XP level 10. HP: 62/81 MP: 21/23
  9520 | D:7      | Found a blossoming altar of Fedhas.
  9585 | D:7      | Reached skill level 10 in Spellcasting
  9758 | D:7      | Found Hoofuoff's Armour Boutique.
  9812 | D:7      | Offered knowledge of Mephitic Cloud by Vehumet.
  9831 | D:7      | Learned a level 3 spell: Mephitic Cloud
 10366 | D:8      | Noticed Psyche
 10387 | D:8      | Killed Psyche
 10518 | D:8      | Paralysed by a hornet for 3 turns
 10652 | D:8      | Found a flagged portal.
 10656 | D:8      | Reached *** piety under Vehumet
 10668 | Bailey   | Entered a bailey
 10999 | Bailey   | Offered knowledge of Olgreb's Toxic Radiance by Vehumet.
 11007 | Bailey   | Learned a level 4 spell: Olgreb's Toxic Radiance
 11613 | Bailey   | Reached skill level 11 in Spellcasting
 11959 | Bailey   | Learned a level 5 spell: Iskenderun's Battlesphere
 12204 | D:8      | Found a white marble altar of Elyvilon.
 12288 | D:8      | Found Muetimm's Distillery.
 12294 | D:8      | Bought a potion of magic for 120 gold pieces
 12294 | D:8      | Bought a potion of heal wounds for 75 gold pieces
 12294 | D:8      | Bought a potion of flight for 45 gold pieces
 12294 | D:8      | Bought a potion of haste for 150 gold pieces
 12526 | D:9      | Found a staircase to the Lair.
 12627 | D:7      | Bought the +3 ice dragon scales of the Poles {rF- rC++
                  | Int+2 Dex+3} for 1110 gold pieces
 12684 | D:9      | Found an iron altar of Okawaru.
 12786 | D:9      | Found the +12 glaive of Prune {vorpal}
 12839 | D:9      | Reached XP level 11. HP: 75/88 MP: 19/26
 12943 | D:9      | Reached **** piety under Vehumet
 13210 | D:9      | Reached skill level 1 in Poison Magic
 13646 | D:9      | Offered knowledge of Frozen Ramparts by Vehumet.
 13659 | D:9      | Reached skill level 1 in Polearms
 13902 | D:10     | Entered Level 10 of the Dungeon
 14353 | D:10     | Found a portal to a secret trove of treasure.
 14490 | D:10     | Noticed a deep elf pyromancer
 14493 | D:10     | Killed a deep elf pyromancer
 14494 | D:10     | Reached skill level 1 in Armour
 14494 | D:10     | Reached skill level 12 in Spellcasting
 14501 | D:10     | Learned a level 6 spell: Iron Shot
 14621 | D:10     | Reached ***** piety under Vehumet
 14628 | D:10     | Offered knowledge of Freezing Cloud by Vehumet.
 14844 | D:10     | Found a staircase to the Orcish Mines.
 15081 | D:10     | Noticed a tengu warrior
 15088 | D:10     | Killed a tengu warrior
 15631 | D:10     | Reached skill level 5 in Air Magic
 15762 | D:10     | Noticed a two-headed ogre
 15768 | D:10     | Killed a two-headed ogre
 15875 | Lair:1   | Entered Level 1 of the Lair of Beasts
 16151 | Lair:1   | Identified the amulet of the Summoning Gods {Reflect rC+
                  | SH+5}
 16339 | Lair:1   | Reached XP level 12. HP: 96/96 MP: 16/28
 16443 | Lair:1   | Identified the +5 ring mail of the Turtledove {Rampage
                  | Will+ Int+4 Dex+3}
 16553 | Lair:1   | Noticed a boulder beetle
 16637 | Lair:1   | Killed a boulder beetle
 16884 | Lair:2   | Reached skill level 13 in Spellcasting
 16967 | Lair:2   | Found a transporter.
 17165 | Lair:2   | Found a transporter.
 17165 | Lair:2   | Noticed a boulder beetle
 17275 | Lair:2   | Noticed a seven-headed hydra
 17280 | Lair:2   | Killed a seven-headed hydra
 17984 | Lair:2   | Noticed an eight-headed hydra
 17992 | Lair:2   | Killed an eight-headed hydra
 18099 | Lair:2   | Learned a level 5 spell: Freezing Cloud
 18115 | Lair:2   | Found a staircase to the Shoals.
 18493 | Lair:2   | Killed a boulder beetle
 18494 | Lair:2   | Reached skill level 14 in Spellcasting
 18979 | Lair:3   | Found a runed translucent door.
 19104 | Lair:3   | Found a staircase to the Snake Pit.
 19583 | Lair:3   | Noticed quakins's ghost (journeyman MfIE)
 20087 | Lair:4   | Noticed Urug
 20092 | Lair:4   | Killed Urug
 20279 | Lair:4   | Reached XP level 13. HP: 102/102 MP: 22/31
 20664 | Lair:4   | Reached skill level 15 in Spellcasting
 21072 | Lair:5   | Entered Level 5 of the Lair of Beasts
 21138 | Lair:5   | Reached skill level 5 in Poison Magic
 21720 | Lair:5   | Reached skill level 10 in Conjurations
 21722 | Lair:5   | Offered knowledge of Eringya's Noxious Bog by Vehumet.
 22343 | Lair:5   | Found a viscous altar of Jiyva.
 22727 | Lair:5   | Reached skill level 16 in Spellcasting
 23141 | Lair:5   | Identified the +2 trident of Shrieking Terror {vamp, rF+
                  | rC+ Int+2}
 23423 | Lair:5   | Learned a level 4 spell: Fulminant Prism
 23654 | D:5      | Killed Godmorgon's ghost
 24000 | D:7      | Got Sif Muna's Folio of United Poisoning
 24248 | D:10     | Reached skill level 1 in Shields
 24622 | D:11     | Identified the +7 rapier "Agoic" {freeze, +Blink rF-
                  | Will+++ Stlth-}
 24626 | D:11     | Reached XP level 14. HP: 70/110 MP: 13/34
 24630 | D:11     | Killed from afar by an ogre mage

Illustrated notes

Levels and vault maps discovered:
D:1:      dpeg_arrival_brainrot, layout_rooms,
          shapermc_ecumenical_altar_totnotflames, chequers_serial_rivers_marsh
D:2:      layout_basic
D:3:      layout_basic, ashenzari_altar_1, lemuel_doored_altar
D:4:      layout_gridville, nicolae_hepliaklqana_hazy_memory,
          minmay_temple_entry_arrows
D:5:      layout_cave_pools, gammafunk_ghost_hive, serial_shops, shop_statue,
          nicolae_shop_overgrown_old_shop, shop_fountains, nicolae_diamond_shop
D:6:      layout_loops_cross, uniq_menkaure
D:7:      layout_gridville, mainiacjoe_overflow_catwalk,
          mainiacjoe_overflow_small_starburst, serial_shops,
          nicolae_stop_n_shop_2, shop, hangedman_decor_riveting,
          minmay_hollow_rounded_squares
D:8:      layout_rooms, nicolae_elyvilon_peaceful_grove, serial_shops, shop,
          enter_bailey_5, uniq_psyche
D:9:      layout_roguey, okawaru_trees_1
D:10:     layout_long_grid, hiddenorc2_lemuel, nicolae_trove_entry_crystal,
          kennysheep_flooded_box, grunt_ministairs_14, nicolae_two_hexagons
D:11:     minmay_the_grid_triangle_9x9_recursive_2_mashed
          [minmay_the_grid_triangle_9x9_prize_center,
          minmay_the_grid_triangle_9x9_descending_squares,
          minmay_the_grid_triangle_9x9_subtriangle,
          minmay_the_grid_triangle_9x9_corrupted_corridor], layout_rooms
Lair:1:   layout_layer_cave, beast_lair_carwin_2
Lair:2:   gammafunk_boulding_lane, layout_big_grid, minmay_shoals_entry_beasts,
          grunt_megastairs_2, lemuel_fruit_tree
Lair:3:   layout_cave_pods, dummy_snake_entry, ebering_ghost_reflecting_pool,
          dpeg_oklob_1
Lair:4:   layout_cave_shapes, uniq_urug
Lair:5:   gammafunk_lair_ancient_temple, layout_gridlike,
          minmay_slime_entry_oklob_enclosed

Skill      XL: |  1  2  3  4  5  6  7  8  9 10 11 12 13 |
---------------+----------------------------------------+-----
Conjurations   | 4 5 6 7 8 9 10 | 10.6
Spellcasting   | 3 4 5 6 8 9 11 12 14 16 | 16.7
Transmutations | 1 |  1.0
Earth Magic    | 1 2 3 5 7 8 9 |  9.0
Translocations | 1 2 3 4 |  4.5
Air Magic      | 2 4 5 |  5.3
Poison Magic   | 3 4 6 |  6.2
Polearms       | 1 |  1.0
Armour         | 1 2 3 |  3.1
Shields        | 1 |  1.0
Staves         | |  0.2
Dodging        | |  1.9
Stealth        | |  1.4
Evocations     | |  0.6

Action                   |  1- 3 |  4- 6 |  7- 9 | 10-12 | 13-15 || total
-------------------------+-------+-------+-------+-------+-------++-------
Melee: Unarmed           |     6 |       |       |       |       ||     6
       Dagger            |    16 |       |       |       |       ||    16
       Flail             |       |    14 |       |       |       ||    14
       Staff             |       |       |     9 |     1 |       ||    10
       Giant spiked club |       |       |     6 |    11 |       ||    17
       Glaive            |       |       |       |    14 |     1 ||    15
 Cast: Magic Dart        |    49 |    34 |    52 |     3 |       ||   138
       Searing Ray       |    11 |    27 |    27 |    20 |     8 ||    93
       Sandblast         |       |       |    51 |    19 |       ||    70
       Iskenderun's Myst |       |       |    14 |    69 |    32 ||   115
       Airstrike         |       |       |       |   189 |   122 ||   311
       Mephitic Cloud    |       |       |       |     3 |     1 ||     4
       Olgreb's Toxic Ra |       |       |       |     9 |     3 ||    12
       Iskenderun's Batt |       |       |       |     6 |     8 ||    14
       Freezing Cloud    |       |       |       |       |     2 ||     2
Evoke: Wand              |       |       |       |    18 |       ||    18
  Use: Scroll            |     8 |     4 |     7 |     6 |     1 ||    26
       Potion            |     1 |       |       |     1 |       ||     2
 Stab: Sleeping          |     2 |     1 |     1 |       |       ||     4
Armor: Robe              |    12 |    20 |    22 |     1 |       ||    55
       Steam dragon scal |       |       |       |    15 |       ||    15
       Ice dragon scales |       |       |       |    28 |    27 ||    55
Dodge: Dodged            |    16 |    10 |    34 |    43 |    16 ||   119
Block: Other             |       |       |       |     2 |    16 ||    18
       Reflection        |       |       |       |       |     1 ||     1
